 Dungeon Crawl Stone Soup version bcrawl-1.13.1 (webtiles) character file.

Game seed: 7323327885804401733

593 Revguard the Ducker (level 7, -8/50 HPs)
             Began as a Demonspawn Archaeologist on Aug 2, 2019.
             Was an Initiate of Sif Muna.
             Splashed by an orc's acid (9 damage)
             ... on level 4 of the Dungeon.
             The game lasted 00:07:28 (2596 turns).

Revguard the Ducker (Demonspawn Archaeologist)      Turns: 2596, Time: 00:07:29

Health: -8/50      AC:  5    Str: 12    XL:     7   Next: 16%
Magic:  11/11      EV: 15    Int: 16    God:    Sif Muna [......]
Gold:   172        SH:  0    Dex: 12    Spells: 11/11 levels left

rFire    . . .     SeeInvis .   a - +0 whip
rCold    . . .     Gourm    .   (no shield)
rNeg     . . .     Faith    .   i - +0 troll leather armour
rPois    .         Spirit   .   c - +1 hat
rElec    .         Reflect  .   (no cloak)
rCorr    .         Harm     .   k - +1 pair of gloves
MR       .....                  d - +1 pair of boots
Stlth    ++........             (no amulet)
HPRegen  0.56/turn              (no ring)
MPRegen  0.12/turn              (no ring)

@: corroded, studying Spellcasting
A: hooves 1, repulsion field 1, rot immunity
a: Divine Energy, Renounce Religion


You were on level 4 of the Dungeon.
You worshipped Sif Muna.
Sif Muna was noncommittal.
You were hungry.

You visited 1 branch of the dungeon, and saw 4 of its levels.

You collected 172 gold pieces.

Inventory:

Hand Weapons
 a - a +0 whip (weapon)
Missiles
 l - 73 tomahawks of dispersal (quivered) {!f}
Armour
 b - a +1 robe
 c - a +1 hat (worn)
 d - a +1 pair of boots (worn)
 i - a +0 troll leather armour (worn)
 k - a +1 pair of gloves (worn)
Scrolls
 j - 4 scrolls of remove curse
 m - 2 scrolls of immolation {unknown}
 n - 3 scrolls of amnesia {unknown}
 o - a scroll of fear {unknown}
 p - 2 scrolls of fog {unknown}
 t - a scroll of enchant armour {unknown}
 u - a scroll of enchant weapon {unknown}
Books
 e - a manual of Spellcasting
Miscellaneous
 f - an ancient crate
Comestibles
 g - 3 rations {!d}
 h - a chunk of flesh


   Skills:
 + Level 2.2 Fighting
 + Level 3.4 Maces & Flails
 * Level 3.1 Armour
 + Level 3.7 Dodging
 + Level 3.4 Stealth
 * Level 2.8 Spellcasting
 * Level 2.5 Evocations


You had 11 spell levels left.
You didn't know any spells.
Your spell library was empty.

Dungeon Overview and Level Annotations

Branches:
Dungeon (4/12)             Temple (0/1) D:4

Altars:
Ashenzari
Sif Muna

Shops:
D:4 (


Innate Abilities, Weirdness & Mutations

You have large cloven feet.
You are surrounded by a mild repulsion field. (EV +2)
You are immune to rotting.


Message History

The bolt of acid hits you! The acid corrodes you!
You are splashed with acid!
* * * LOW HITPOINT WARNING * * *
You see here a glowing ring mail.
You feel yourself slow down.
The orc zaps a wand.
The bolt of acid misses you.
Things that are here:
a cursed -2 flail; a scroll labeled ERAUXK PESA; an orc corpse Evoke which item? (* to show all) (? for menu, Esc to quit)
You don't have any such object.
Evoke which item? (* to show all) (? for menu, Esc to quit)
Okay, then.
You feel better.
You recover from your berserk rage.
The orc hits you but does no damage.
You hit the orc.
The orc is moderately wounded.
The orc zaps a wand.
The bolt of acid hits you!
* * * LOW HITPOINT WARNING * * *
The acid corrodes you!
You are splashed with acid!
You die...

#.###.#..##.
#..##...รท...
#......#.... .##
#. #........###
... #.
###..(....##
....#. #........##
.o.#. #.#......#
... #####.#......#
#.###@.[..#......#
#....o#####......#
#..#### ########
#.....# ......[#
...#.......
#####.....#...
#.....# .. #######
.


You could see an orc.

Vanquished Creatures
  Grinder (D:3)
  Blork the orc (D:4)
  A wyvern zombie (D:4)
  4 orc wizards (D:3)
  An orc priest (D:4)
  A worker ant (D:3)
  3 gnolls (D:3)
  4 adders (D:3)
  An ooze (D:1)
  2 worms
  2 dart slugs
  4 leopard geckos
  9 orcs
  2 giant cockroaches (D:1)
  2 goblins (D:2)
  7 hobgoblins
  A quokka (D:3)
  3 bats
  A frilled lizard (D:1)
  4 kobolds
  2 rats (D:1)
56 creatures vanquished.

Vanquished Creatures (others)
  A quokka (D:4)
1 creature vanquished.

Grand Total: 57 creatures vanquished

Notes
Turn   | Place    | Note
-------+----------+-------------------------------------------
     0 | D:1      | Revguard the Demonspawn Archaeologist began the quest for
                  | the Orb.
     0 | D:1      | Reached XP level 1. HP: 15/15 MP: 1/1
   254 | D:1      | Reached skill level 1 in Maces & Flails
   254 | D:1      | Gained mutation: You are immune to rotting. [demonic
                  | ancestry]
   254 | D:1      | Reached XP level 2. HP: 13/21 MP: 2/2
   761 | D:2      | Reached skill level 1 in Armour
   776 | D:2      | Reached XP level 3. HP: 22/26 MP: 3/3
   790 | D:2      | Found a deep blue altar of Sif Muna.
   800 | D:2      | Became a worshipper of Sif Muna the Loreminder
  1305 | D:3      | Reached skill level 1 in Evocations
  1408 | D:3      | Noticed Grinder
  1410 | D:3      | Killed Grinder
  1410 | D:3      | Gained mutation: You are surrounded by a mild repulsion
                  | field. (EV +2) [demonic ancestry]
  1410 | D:3      | Reached XP level 4. HP: 33/33 MP: 3/7
  1410 | D:3      | Reached XP level 5. HP: 38/38 MP: 3/8
  1514 | D:3      | Reached XP level 6. HP: 29/44 MP: 9/9
  1737 | D:3      | Found a shattered altar of Ashenzari.
  2256 | D:4      | Noticed Blork the orc
  2260 | D:4      | Killed Blork the orc
  2260 | D:4      | Gained mutation: You have large cloven feet. [demonic
                  | ancestry]
  2260 | D:4      | Reached XP level 7. HP: 38/50 MP: 10/10
  2507 | D:4      | Found Inug Tapt's Antique Weapon Shoppe.
  2508 | D:4      | Found a staircase to the Ecumenical Temple.
  2592 | D:4      | HP: 2/50 [acid (16)]
  2596 | D:4      | Splashed by an orc's acid

Skill      XL: |  1  2  3  4  5  6 |
---------------+-------------------+-----
Maces & Flails | 1 2 3 |  3.4
Dodging        | 3 |  3.7
Armour         | 1 2 3 |  3.1
Evocations     | 1 2 |  2.5
Spellcasting   | 2 |  2.8
Fighting       | 2 |  2.2
Stealth        | |  3.4

Action                   |  1- 3 |  4- 6 |  7- 9 || total
-------------------------+-------+-------+-------++-------
Melee: Whip              |   152 |   228 |   187 ||   567
Throw: Tomahawk          |     2 |     5 |       ||     7
Evoke: Wand              |     2 |     3 |     3 ||     8
  Use: Scroll            |     1 |     3 |       ||     4
       Potion            |       |     2 |     5 ||     7
 Stab: Sleeping          |     4 |       |       ||     4
  Eat: Chunk             |     2 |     3 |     1 ||     6
Armor: Troll leather arm |    48 |    81 |    48 ||   177
Dodge: Dodged            |    93 |   155 |   113 ||   361
